 Dungeon Crawl Stone Soup version 0.28.0-43-g3370ac3207 (webtiles) character file.

Game seed: 9456775707380086039

18 H0rd4k the Magician (level 2, -4/15 HPs)
             Began as a Deep Elf Hedge Wizard on Mar 22, 2022.
             Slain by Sigmund
             ... wielding a +0 scythe
              (13 damage)
             ... on level 2 of the Dungeon.
             The game lasted 00:01:00 (915 turns).

H0rd4k the Magician (Deep Elf Hedge Wizard)          Turns: 915, Time: 00:01:01

Health: -4/15      AC:  2    Str:  7    XL:     2   Next: 48%
Magic:  5/10       EV: 12    Int: 18    God:
Gold:   58         SH:  0    Dex: 14    Spells: 10/11 levels left

rFire   . . .      SeeInvis .   a - +0 dagger
rCold   . . .      Faith    .   (no shield)
rNeg    . . .      Spirit   .   b - +0 robe
rPois   .          Reflect  .   c - +0 hat
rElec   .          Harm     .   (no cloak)
rCorr   .          Rampage  .   (no gloves)
Will    .....                   (no boots)
Stlth   ++........              (no amulet)
HPRegen 0.05/turn               (no ring)
MPRegen 0.12/turn               (no ring)

@: no status effects
A: no striking features
a: no special abilities


You were on level 2 of the Dungeon.
You visited 1 branch of the dungeon, and saw 2 of its levels.

You collected 58 gold pieces.

Inventory:

Hand Weapons
 a - a +0 dagger (weapon)
Armour
 b - a +0 robe (worn)
 c - a +0 hat (worn)
Scrolls
 d - a scroll of magic mapping {unknown}
Potions
 e - 2 potions of curing {unknown}
 f - a potion of magic {unknown}
 g - a potion of lignification {unknown}
 h - 2 potions of flight {unknown}


   Skills:
 + Level 0.1 Fighting
 + Level 2.4 Dodging
 - Level 2.4 Stealth
 + Level 5.2 Spellcasting
 + Level 1.3 Conjurations
 + Level 1.3 Summonings
 + Level 1.1 Translocations


You had 10 spell levels left.
You knew the following spells:

 Your Spells              Type           Power      Damage    Failure   Level
a - Magic Dart            Conj           36%        1d4       8%          1

Your spell library contained the following spells:

 Spells                   Type           Power      Damage    Failure   Level
 Blink                    Tloc           16%        N/A       12%         2
 Call Imp                 Summ           9%         N/A       12%         2
 Slow                     Hex            16%        N/A       13%         1
 Conjure Flame            Conj/Fire      7%         6-21      30%         3
 Mephitic Cloud           Conj/Pois/Air  6%         N/A       32%         3


Dungeon Overview and Level Annotations

Branches:
Dungeon (2/15)

Altars:

Annotations:
D:2 Sigmund


Message History

There is a stone staircase leading up here.
You can't see any susceptible monsters within range! (Use Z to cast anyway.)
There is a stone staircase leading up here.
Found 10 arrows.
Found a stone staircase leading down.
h - 2 sapphire potions Sigmund the Dreaded comes into view.
He is wielding a +0 scythe.
Found a leather armour.
Press: ? - help, v - describe, . - travel The floor.
Press: ? - help, v - describe, . - travel
Here: Sigmund, wielding a +0 scythe and wearing a +0 robe (asleep)
The floor.
Placed new exclusion.
An adder comes into view.
An adder is nearby!
The magic dart hits the adder.
The adder is heavily wounded.
The adder hisses angrily.
The magic dart hits the adder.
The adder is severely wounded.
The magic dart hits the adder.
The adder is almost dead.
The magic dart hits the adder.
You kill the adder!
Sigmund shouts!
Your Spellcasting skill increases to level 5!
The magic dart hits Sigmund but does no damage.
Sigmund mumbles some strange words.
Sigmund flickers and vanishes!
Deactivating autopickup; reactivate with Ctrl-A.
You are confused.
An adder comes into view.
Something tries to affect you, but you resist.
An adder comes into view.
You feel less confused.
A magic dart appears from out of thin air!
The magic dart hits you. Something hits you!
Ouch! That really hurt!
You die...

..........
.......(.### #.
.......†..### ...
[#..........##.#
... ##............#
... ##....##......
#.#.###....{...####
#.#............#
#.#####......@.#
####.# #....#...#
#.##.# #....#..>#
#.##.# #....+.....
...<.#
#....##..#..S
#.#.##
#....#......#
#.#.####
#....##....##
#.#....#
#....###.###
######.# #....#


There were no monsters in sight!

Vanquished Creatures
  An adder (D:2)
  2 endoplasms (D:1)
  A giant cockroach (D:1)
  A quokka (D:1)
  2 ball pythons (D:1)
  2 bats (D:1)
  A rat (D:1)
10 creatures vanquished.

Notes
Turn   | Place    | Note
-------+----------+-------------------------------------------
     0 | D:1      | H0rd4k the Deep Elf Hedge Wizard began the quest for the
                  | Orb.
     0 | D:1      | Reached XP level 1. HP: 10/10 MP: 7/7
   739 | D:1      | Reached XP level 2. HP: 15/15 MP: 5/9
   897 | D:2      | Noticed Sigmund
   904 | D:2      | Reached skill level 5 in Spellcasting
   915 | D:2      | Slain by Sigmund

Illustrated notes

Levels and vault maps discovered:
D:1:      lemuel_arrival_funnel, layout_loops_ring
D:2:      layout_basic, uniq_sigmund

Skill      XL: |  1  2 |
---------------+-------+-----
Spellcasting   | 5 |  5.2
Fighting       | |  0.1
Dodging        | |  2.4
Stealth        | |  2.4
Conjurations   | |  1.3
Summonings     | |  1.3
Translocations | |  1.1

Action                   || total
-------------------------++-------
 Cast: Magic Dart        ||    30
Armor: Robe              ||     1
Dodge: Dodged            ||     1
